 Dungeon Crawl Stone Soup version 0.27.0-1-g7a089689b8 (webtiles) character file.

Game seed: 5486247140839305105

42 gimp the Firebug (level 3, -7/28 HPs)
             Began as a Naga Fire Elementalist on Aug 4, 2021.
             Mangled by Terence (10 damage)
             ... on level 1 of the Dungeon.
             The game lasted 00:02:50 (1145 turns).

gimp the Firebug (Naga Fire Elementalist)           Turns: 1145, Time: 00:02:52

Health: -7/28      AC:  2    Str: 10    XL:     3   Next: 54%
Magic:  2/6        EV:  9    Int: 16    God:
Gold:   27         SH:  0    Dex: 11    Spells: 5/6 levels left

rFire    . . .     SeeInvis +   (no weapon)
rCold    . . .     Faith    .   (no shield)
rNeg     . . .     Spirit   .   a - +0 robe
rPois    +         Reflect  .   (no helmet)
rElec    .         Harm     .   (no cloak)
rCorr    .         Rampage  .   (no gloves)
Will     .....                  (no barding)
Stlth    ++........             (no amulet)
HPRegen  0.09/turn              (no ring)
MPRegen  0.10/turn              (no ring)

@: short of breath, very slow
A: AC +1, large, see invisible, deformed body, poison resistance, slowness 2,
spit poison 1, naga tail 1
a: Spit Poison


You were on level 1 of the Dungeon.
You visited 1 branch of the dungeon, and saw 2 of its levels.

You collected 27 gold pieces.

Inventory:

Armour
 a - a +0 robe (worn)
Jewellery
 g - a ring of positive energy
Scrolls
 b - a scroll of amnesia {unknown}
 c - 2 scrolls of torment {unknown}
 e - a scroll of noise {unknown}
Potions
 d - a potion of heal wounds {unknown}
 f - a potion of curing


   Skills:
 - Level 1.5 Dodging
 - Level 3.0 Stealth
 + Level 2.3 Spellcasting
 * Level 2.2 Conjurations
 * Level 3.6 Fire Magic


You had 5 spell levels left.
You knew the following spells:

 Your Spells              Type           Power      Damage    Failure   Level
a - Foxfire               Conj/Fire      44%        2x1d6     6%          1

Your spell library contained the following spells:

 Spells                   Type           Power      Damage    Failure   Level
 Conjure Flame            Conj/Fire      11%        6-21      19%         3
 Inner Flame              Hex/Fire       7%         N/A       28%         3
 Sticky Flame             Conj/Fire      11%        2d3       52%         4
 Fireball                 Conj/Fire      5%         3d5       86%         5


Dungeon Overview and Level Annotations

Branches:
Dungeon (2/15)

Altars:

Annotations:
D:1 Terence
D:2 Natasha


Innate Abilities, Weirdness & Mutations

Your serpentine skin is tough. (AC +1)
You have supernaturally acute eyesight. (SInv)
Armour fits poorly on your strangely shaped body.
Your system is resistant to poisons. (rPois)
You cover ground very slowly.
You can spit poison.
You have a snake-like lower body.


Message History

Confirm with . or Enter, or press ? or * to list all spells.
You conjure some foxfire!
The foxfire hits Terence.
Terence is heavily wounded.
The foxfire hits Terence but does no damage.
Terence is heavily wounded.
Terence hits you with a +0 flail!
Natasha, Servant of Life and Death comes into view.
You take 9 damage, and have 19/28 hp.
MASSIVE DAMAGE!!
You now have 3/6 mp.
Casting: Foxfire (safe; 6% risk of failure)
Confirm with . or Enter, or press ? or * to list all spells.
You miscast Foxfire.
You are very lightly contaminated with residual magic.
Nothing appears to happen.
Terence looks more healthy.
The foxfire hits Terence but does no damage.
Terence is severely wounded.
The foxfire hits Terence but does no damage.
Terence is severely wounded.
Terence says, "Don't bother to defend, it's senseless."
Terence hits you with a +0 flail.
An adder comes into view.
Natasha casts a spell.
You take 5 damage, and have 14/28 hp.
You now have 2/6 mp.
You have got your breath back.
Terence closely misses you.
There is a stone staircase leading up here.
Terence hits you with a +0 flail!
* * * LOW HITPOINT WARNING * * *
You climb upwards.
There is a stone staircase leading down here.
You take 9 damage, and have 5/28 hp.
MASSIVE DAMAGE!!
Press: ? - help, Shift-Dir - straight line, f - Terence
Aim: Terence, wielding a +0 flail and wearing a +0 chain mail (severely wounded)
The splash of poison misses Terence.
Terence hits you with a +0 flail.
* * * LOW HITPOINT WARNING * * *
Your magical contamination has completely faded away.
You take 2 damage, and have 3/28 hp.
Casting: Foxfire (safe; 6% risk of failure)
Confirm with . or Enter, or press ? or * to list all spells.
You conjure some foxfire!
Terence hits you with a +0 flail!
You die...

#..........
###########..........
#.........#..........
#.........#..........
#######.........#####.#..#.
#...............## #.#..#.
#................# #.#..#.
#.......####.....####.#..#.
############@v..........#..#.
#..........#@#......#####..#.
#..........#.#......# #..#.
#..........#.###..#.#####..#.
#..........#.# #..#.##.....#(
#..........#.###..#.##.##.##.
#..........#.................
#...................#####.##.
##########..........[.....##.


You could see Terence (ally target).

Vanquished Creatures
  A dart slug (D:1)
  3 bats (D:1)
  4 endoplasms (D:1)
  3 hobgoblins (D:1)
  12 jackals
  2 kobolds (D:1)
  A quokka (D:1)
  2 ball pythons (D:1)
  A frilled lizard (D:1)
  A goblin (D:1)
  2 rats (D:1)
32 creatures vanquished.

Vanquished Creatures (others)
  72 foxfires
72 creatures vanquished.

Grand Total: 104 creatures vanquished

Notes
Turn   | Place    | Note
-------+----------+-------------------------------------------
     0 | D:1      | gimp the Naga Fire Elementalist began the quest for the
                  | Orb.
     0 | D:1      | Reached XP level 1. HP: 15/15 MP: 3/3
   165 | D:1      | Reached XP level 2. HP: 22/22 MP: 0/5
   593 | D:1      | Reached XP level 3. HP: 26/28 MP: 6/6
  1133 | D:2      | Noticed Terence
  1138 | D:2      | Noticed Natasha
  1145 | D:1      | Mangled by Terence

Illustrated notes

Levels and vault maps discovered:
D:1:      dpeg_arrival_simpleton_c, layout_basic
D:2:      layout_loops_cross, basic_ecumenical_altar, st_stairs_6, uniq_terence,
          uniq_natasha

Skill      XL: |  1  2  3 |
---------------+----------+-----
Conjurations   | 2 |  2.2
Dodging        | |  1.5
Stealth        | |  3.0
Spellcasting   | |  2.3
Fire Magic     | |  3.6

Action                   || total
-------------------------++-------
Melee: Unarmed           ||     5
 Cast: Foxfire           ||    44
 Abil: Spit Poison       ||    14
  Use: Potion            ||     1
Armor: Robe              ||     6
Dodge: Dodged            ||    19
